 Dungeon Crawl Stone Soup version 0.28.0-47-ge53b351184 (webtiles) character file.

Game seed: 14772511519141500650

18334 firemarshallily the Thaumaturge (level 12, -5/73 HPs)
             Began as a Djinni Summoner on May 2, 2022.
             Was an Elder of Dithmenos.
             Killed by divine providence
             ... invoked by a meliai
              (10 damage)
             ... on level 13 of the Dungeon.
             The game lasted 01:26:14 (19599 turns).

firemarshallily the Thaumaturge (Djinni Summoner)  Turns: 19599, Time: 01:26:18

Health: -5/73      AC:  5    Str:  7    XL:     12   Next: 93%
Gold:   895        EV: 19    Int: 22    God:    Dithmenos [****..] SH:  0 Dex: 20

rFire   + + .      SeeInvis .   d - +0 spear
rCold   . . .      Faith    .   (no shield)
rNeg    + . .      Spirit   .   A - +2 robe {rC+}
rPois   ∞          Reflect  .   (no helmet)
rElec   .          Harm     .   (no cloak)
rCorr   .          Rampage  .   r - +0 pair of gloves
Will    +....                   (boots unavailable)
Stlth   +++.......              (no amulet)
HPRegen 0.22/turn               e - ring of positive energy
MPRegen 0.00/turn               F - +6 ring of dexterity

@: flying, wreathed by umbra
A: sickness immunity, fire resistance 2, cold vulnerability 1, float, innate
caster, HP casting, extra vitality 1
a: Renounce Religion, Shadow Step


You were on level 13 of the Dungeon.
You worshipped Dithmenos.
Dithmenos was greatly pleased with you.
You visited 1 branch of the dungeon, and saw 13 of its levels.
You also visited: Ossuary.

You collected 1025 gold pieces.
You spent 130 gold pieces at shops.

Inventory:

Hand Weapons
 d - a +0 spear (weapon)
Missiles
 c - 348 stones
 i - 7 boomerangs (quivered)
 j - 45 poisoned darts
 O - 2 throwing nets
Armour
 r - a +0 pair of gloves (worn)
 x - a +0 troll leather armour
 A - a +2 robe of cold resistance (worn)
 C - a +2 ring mail of positive energy
 P - +0 acid dragon scales
Magical Staves
 H - a staff of death
Jewellery
 e - a ring of positive energy (left hand)
 y - a ring of willpower
 F - a +6 ring of dexterity (right hand)
 K - a +6 ring of strength
 S - a +6 ring of intelligence
Wands
 b - a wand of flame (49)
 l - a wand of iceblast (9)
 o - a wand of polymorph (10)
 B - a wand of digging (7)
 G - a wand of mindburst (15)
 L - a wand of charming (2)
 R - a wand of paralysis (4)
Scrolls
 n - 2 scrolls of magic mapping {unknown}
 q - 6 scrolls of enchant armour
 v - 5 scrolls of teleportation
 z - 2 scrolls of fog
 D - a scroll of brand weapon {unknown}
 E - a scroll of acquirement {unknown}
 J - a scroll of fear {unknown}
 M - a scroll of holy word {unknown}
 N - 2 scrolls of silence {unknown}
 Q - 2 scrolls of identify
Potions
 a - 2 potions of invisibility
 f - 5 potions of might
 g - 2 potions of haste
 h - a potion of mutation {unknown}
 k - a potion of lignification {unknown}
 m - 2 potions of brilliance {unknown}
 p - 5 potions of flight
 s - 4 potions of cancellation
 t - 2 potions of berserk rage {unknown}
 u - 10 potions of curing
 I - a potion of degeneration {unknown}
Miscellaneous
 T - a phial of floods


   Skills:
 + Level 1.5 Fighting
 + Level 6.2 Polearms
 - Level 10.2 Dodging
 - Level 1.5 Stealth
 * Level 13.2 Spellcasting


You had 10 spell levels left.
You knew the following spells:

 Your Spells              Type           Power      Damage    Failure   Level
a - Summon Small Mammal   Summ           100%       N/A       1%          1
b - Call Imp              Summ           64%        N/A       1%          2
c - Call Canine Familiar  Summ           64%        N/A       1%          3
d - Summon Guardian Gole  Hex/Summ       64%        N/A       1%          3
e - Summon Lightning Spi  Summ/Air       64%        N/A       1%          4
f - Freeze                Ice            100%       1d11      1%          1
g - Scorch                Fire           100%       2d10      1%          2
h - Mephitic Cloud        Conj/Pois/Air  64%        N/A       1%          3
i - Summon Ice Beast      Ice/Summ       64%        N/A       1%          4
j - Passage of Golubria   Tloc           64%        N/A       1%          4
Your spell library was empty.

Dungeon Overview and Level Annotations

Branches:
Dungeon (13/15)            Temple (0/1) D:4            Lair (0/6) D:8
    Orc (0/2) D:12        Ossuary (visited)
 Vaults: D:13-14

Altars:
Cheibriados
Dithmenos
Gozag
Qazlal
Ru
Sif Muna
Beogh

Shops:
D:4 **   D:9 !   D:10 (


Innate Abilities, Weirdness & Mutations

You are immune to sickness and miasma.
You are immune to poison.
Your flesh is very heat resistant. (rF++)
You are vulnerable to cold. (rC-)
You float through the air rather than walking.
You learn spells naturally, not from books.
Your magical power is your life essence.
You have superior vitality. (+4 MHP)


Message History

Your guardian golem overheats!
Your guardian golem disappears in a puff of smoke!
Your warg barely misses the meliai.
Your white imp hits the meliai.
Your white imp freezes the meliai.
Casting: Scorch (safe; 1% risk of failure)
Confirm with . or Enter, or press ? or * to list all spells.
A chill wind blows around you.
The meliai is no longer more vulnerable to fire.
The meliai mumbles some strange prayers to its god against you.
Something smites you! The meliai hits you with a +0 hand axe!
* * * LOW HITPOINT WARNING * * *
The meliai hits your white imp with a +0 hand axe.
The meliai hits your warg with a +0 hand axe.
The meliai stings you!
* * * LOW HITPOINT WARNING * * *
Your warg barely misses the meliai.
Blink to where?
Press: ? - help, Dir - move target A meliai comes into view.
It is wielding a +0 war axe.
As you read the scroll of blinking, it crumbles to dust.
The meliai hits your warg with a +0 hand axe!
The meliai hits your white imp with a +0 hand axe.
The meliai closely misses your warg.
Your white imp hits the meliai but does no damage.
Your warg bites the meliai!
The meliai invokes the aid of its god against your white imp.
Your white imp is smitten.
Your white imp dies!
Your white imp disappears in a puff of smoke!
Casting: Summon Ice Beast (safe; 1% risk of failure)
Confirm with . or Enter, or press ? or * to list all spells.
You can't see any susceptible monsters within range! (Use Z to cast anyway.)
Casting: Summon Ice Beast (safe; 1% risk of failure)
Confirm with . or Enter, or press ? or * to list all spells.
An electric hum fills the air.
The meliai buzzes angrily.
* * * LOW HITPOINT WARNING * * *
The meliai invokes the aid of its god against you.
Something smites you!
You die... yy

#.# #.#
#.. #.#
#.# #.#
#.#
#y#####.#
#.)†....#
#..†hyY<#
#.8†....#
#@.###..#
#..# #..#
#..# #..#
#..# #..#
#..# #..#
#..# #..#
#..# ..#
#..#


You could see 2 meliai, a friendly warg (summoned), a friendly ice beast
(summoned) and a friendly lightning spire (summoned).

Vanquished Creatures
  A meliai (D:13)
  A queen bee (D:13)
  2 yaks (D:12)
  Duvessa (D:6)
  A phantom (D:5)
  2 kobold brigands (D:12)
  A scorpion (D:8)
  A wight (D:6)
  6 killer bees
  An electric eel (D:12)
  A centaur skeleton (D:7)
  An iguana (D:8)
  3 mummies (Ossuary)
  A gnoll (D:5)
  2 adders
  2 worms
  4 orcs
  A bat (D:3)
  2 gnoll zombies (Ossuary)
  A goblin (D:3)
  4 jackals
  A quokka (D:5)
  A frilled lizard (D:3)
  5 kobolds
  An orc zombie (Ossuary)
  A rat (D:3)
48 creatures vanquished.

Vanquished Creatures (collateral kills)
  2 hydras
  A boulder beetle (D:6)
  5 two-headed ogres
  Pikel (D:5)
  An ugly thing (D:12)
  A manticore (D:12)
  A komodo dragon (D:12)
  An unseen horror (D:10)
  4 kobold demonologists
  2 trolls
  A hornet (D:9)
  5 slime creatures (D:12)
  A shadow (D:10)
  A vampire (D:10)
  2 water elementals (D:12)
  4 yaks (D:12)
  5 wyverns
  A basilisk (D:8)
  2 vampire mosquitoes (D:12)
  A steam dragon (D:9)
  3 water moccasins (D:8)
  An acid dragon (D:11)
  2 orc warriors
  2 ice beasts (D:6)
  A sky beast (D:7)
  A black bear (D:8)
  A necrophage (D:6)
  4 wolves (D:8)
  3 centaurs
  An ogre (D:7)
  2 kobold brigands
  2 scorpions
  3 bullfrogs
  3 jellies
  Dowan (D:6)
  12 killer bees
  2 water moccasin skeletons
  8 wights
  7 electric eels
  4 howler monkeys
  A hound (D:6)
  A bullfrog skeleton (D:6)
  A bullfrog zombie (D:5)
  4 centaur zombies
  6 orc priests
  A scorpion zombie (D:5)
  3 iguanas
  6 orc wizards
  A hound zombie (D:5)
  5 mummies (Ossuary)
  A howler monkey zombie (D:7)
  5 gnolls
  A howler monkey skeleton (D:6)
  7 adders
  3 white imps
  An adder skeleton (D:4)
  2 worms
  32 orcs
  7 ball pythons
  5 bats
  3 endoplasms (D:1)
  A giant cockroach (D:2)
  9 goblins
  8 hobgoblins
  4 jackals
  12 kobolds
  A quokka (D:1)
  2 frilled lizards (D:1)
  3 hobgoblin zombies (Ossuary)
  A kobold zombie (Ossuary)
  An orc zombie (Ossuary)
  7 rats
250 creatures vanquished.

Vanquished Creatures (others)
  A lemure (D:5)
  A gnoll sergeant (D:11)
  2 gnolls (D:11)
  3 fungi (D:8)
  17 plants
24 creatures vanquished.

Grand Total: 322 creatures vanquished

Notes
Turn   | Place    | Note
-------+----------+-------------------------------------------
     0 | D:1      | firemarshallily the Djinni Summoner began the quest for the
                  | Orb.
     0 | D:1      | Reached XP level 1. HP: 15/15 MP: 0/0
   343 | D:1      | Reached XP level 2. HP: 19/21 MP: 0/0
   901 | D:1      | Reached XP level 3. HP: 18/25 MP: 0/0
   901 | D:1      | Learned a level 1 spell: Freeze
   925 | D:1      | Reached skill level 4 in Spellcasting
  1608 | D:1      | Reached XP level 4. HP: 26/31 MP: 0/0
  2526 | D:2      | Found a faded altar of an unknown god.
  2530 | D:2      | Prayed at the altar of an unknown god.
  2530 | D:2      | Became a worshipper of Dithmenos the Shadowed
  2530 | D:2      | Reached * piety under Dithmenos
  2888 | D:2      | Reached XP level 5. HP: 32/35 MP: 0/0
  2888 | D:2      | Learned a level 2 spell: Scorch
  3649 | D:3      | Reached skill level 5 in Spellcasting
  4288 | D:4      | Found a staircase to the Ecumenical Temple.
  4385 | D:4      | Reached ** piety under Dithmenos
  4500 | D:4      | Found a sand-covered staircase.
  4513 | Ossuary  | Entered an ossuary
  4542 | Ossuary  | Reached XP level 6. HP: 14/40 MP: 0/0
  5320 | D:4      | Found an opulent altar of Gozag.
  5430 | D:4      | Reached skill level 6 in Spellcasting
  5488 | D:4      | Reached XP level 7. HP: 37/45 MP: 0/0
  5488 | D:4      | Learned a level 3 spell: Mephitic Cloud
  5761 | D:4      | Found Vaom's General Store.
  5763 | D:4      | Found Zosurub's Specific Store.
  5977 | D:5      | Entered Level 5 of the Dungeon
  6890 | D:5      | Noticed Pikel
  6914 | D:5      | Killed Pikel
  6915 | D:5      | Reached skill level 8 in Spellcasting
  6915 | D:5      | Reached XP level 8. HP: 28/50 MP: 0/0
  7095 | D:5      | Found a sacrificial altar of Ru.
  7233 | D:6      | Noticed Duvessa
  7233 | D:6      | Noticed Dowan
  7237 | D:6      | Killed Dowan
  7244 | D:6      | Killed Duvessa
  7513 | D:6      | Noticed a six-headed hydra
  7518 | D:6      | Killed a six-headed hydra
  7519 | D:6      | Reached skill level 9 in Spellcasting
  7519 | D:6      | Reached XP level 9. HP: 47/55 MP: 0/0
  7519 | D:6      | Learned a level 4 spell: Summon Ice Beast
  8182 | D:6      | Reached *** piety under Dithmenos
  8282 | D:6      | Noticed a boulder beetle
  8347 | D:6      | Killed a boulder beetle
  8348 | D:6      | Reached skill level 10 in Spellcasting
  8348 | D:6      | Reached XP level 10. HP: 22/60 MP: 0/0
  8903 | D:6      | Reached skill level 1 in Polearms
  9664 | D:7      | Reached skill level 11 in Spellcasting
 10766 | D:8      | Found a staircase to the Lair.
 11049 | D:8      | Noticed a two-headed ogre
 11055 | D:8      | Reached skill level 5 in Dodging
 11060 | D:8      | Killed a two-headed ogre
 11061 | D:8      | Reached XP level 11. HP: 42/65 MP: 0/0
 11061 | D:8      | Learned a level 4 spell: Passage of Golubria
 11073 | D:8      | Reached **** piety under Dithmenos
 11359 | D:8      | Found a shadowy altar of Dithmenos.
 11359 | D:8      | Found a snail-covered altar of Cheibriados.
 11361 | D:8      | Found a stormy altar of Qazlal.
 13203 | D:9      | Reached skill level 12 in Spellcasting
 13542 | D:9      | Found Ditukiytz's Distillery.
 13548 | D:9      | Bought a potion of heal wounds for 50 gold pieces
 13548 | D:9      | Bought a potion of invisibility for 80 gold pieces
 13993 | D:10     | Entered Level 10 of the Dungeon
 13993 | D:10     | Found Kihuoph's Weapon Emporium.
 14572 | D:10     | Noticed a two-headed ogre
 14583 | D:10     | Killed a two-headed ogre
 15428 | D:11     | Noticed a two-headed ogre
 15438 | D:11     | Killed a two-headed ogre
 15439 | D:11     | Reached skill level 5 in Polearms
 15738 | D:11     | Reached XP level 12. HP: 29/70 MP: 0/0
 16892 | D:12     | Noticed a two-headed ogre
 16905 | D:12     | Killed a two-headed ogre
 17370 | D:12     | Noticed a two-headed ogre
 17377 | D:12     | Killed a two-headed ogre
 17477 | D:12     | Reached skill level 10 in Dodging
 17477 | D:12     | Reached skill level 13 in Spellcasting
 17680 | D:12     | HP: 1/70 [electric eel/bolt of electricity (8)]
 18078 | D:12     | HP: 3/70 [smoke demon/sticky flame[a kobold demonologist]
                  | (2)]
 19244 | D:12     | Found a staircase to the Orcish Mines.
 19439 | D:13     | Noticed a five-headed hydra
 19451 | D:13     | Killed a five-headed hydra
 19546 | D:13     | Reached skill level 1 in Fighting
 19599 | D:13     | Killed from afar by a meliai

Illustrated notes

Levels and vault maps discovered:
D:1:      minmay_arrival_plants_in_alcoves, layout_basic
D:2:      layout_loops_corners, hellmonk_ecumenical_altar_defaced_shrine,
          corner_web_ring
D:3:      layout_basic
D:4:      layout_basic, grunt_gozag_statues, minmay_temple_entry_junction,
          chequers_ossuary_entry_cave, minmay_misc_feat_five,
          nicolae_specific_store
D:5:      layout_basic, hangedman_ru_absence, columned_hall_lemuel,
          lemuel_another_geyser, uniq_pikel
D:6:      layout_gridville, hangedman_minor_gate_pass, uniq_duvessa
D:7:      layout_gridville, st_stairs_13, skrybe_limestone_x,
          chequers_serial_rivers_marsh, serial_bayou_ford_a
D:8:      layout_basic, nicolae_overflow_hidden_temple, minmay_lair_entry_grove,
          enter_bailey_5
D:9:      layout_long_grid, tgw_sif, nicolae_stop_n_shop_2, uniq_maurice
D:10:     layout_loops_cross, serial_shops, nicolae_stop_n_shop_2
D:11:     layout_small_grid
D:12:     erik_rubicon_b, layout_basic, orc_0_dummy
D:13:     minmay_the_grid_square_5x5_4x4_mashed
          [minmay_the_grid_square_5x5_sharp_hourglass,
          minmay_the_grid_square_5x5_mess, minmay_the_grid_square_5x5_one_wall,
          minmay_the_grid_square_5x5_inner_z,
          minmay_the_grid_square_5x5_dogpile,
          minmay_the_grid_square_5x5_prize_itemx,
          minmay_the_grid_square_5x5_prize_junk,
          minmay_the_grid_square_5x5_misaligned,
          minmay_the_grid_square_5x5_three,
          minmay_the_grid_square_5x5_prize_rear_guard,
          minmay_the_grid_square_5x5_prize_pseudospiral,
          minmay_the_grid_square_5x5_hourglass,
          minmay_the_grid_square_5x5_corner, minmay_the_grid_square_5x5_z,
          minmay_the_grid_square_5x5_gyroscope,
          minmay_the_grid_square_5x5_spiral], layout_long_grid, erik_vaults_2,
          special_room [special_room_bee], nicolae_wu_jian_glorious_leap,
          uniq_sonja

Skill      XL: |  1  2  3  4  5  6  7  8  9 10 11 12 |
---------------+-------------------------------------+-----
Spellcasting   | 4 5 6 8 9 10 11 12 13 | 13.2
Polearms       | 3 5 6 |  6.2
Dodging        | 5 8 10 | 10.2
Fighting       | 1 |  1.5
Stealth        | |  1.5

Action                   |  1- 3 |  4- 6 |  7- 9 | 10-12 || total
-------------------------+-------+-------+-------+-------++-------
Melee: Dagger            |    23 |       |       |       ||    23
       Spear             |     6 |    34 |    29 |    63 ||   132
Throw: Boomerang         |       |       |       |     2 ||     2
 Cast: Summon Small Mamm |    39 |    67 |    37 |   151 ||   294
       Call Imp          |    13 |    24 |    11 |    62 ||   110
       Freeze            |     2 |     2 |       |       ||     4
       Scorch            |       |    25 |    22 |    45 ||    92
       Call Canine Famil |       |    11 |    21 |    64 ||    96
       Summon Guardian G |       |     2 |     4 |     4 ||    10
       Mephitic Cloud    |       |       |     1 |       ||     1
       Summon Lightning  |       |       |     9 |    52 ||    61
       Summon Ice Beast  |       |       |    12 |    45 ||    57
  Use: Scroll            |       |     7 |     1 |     9 ||    17
       Potion            |       |       |       |     5 ||     5
 Stab: Distracted        |       |     2 |     2 |     4 ||     8
       Sleeping          |       |     1 |       |       ||     1
       Confused          |       |       |     1 |       ||     1
Armor: Robe              |     6 |     1 |     4 |    16 ||    27
Dodge: Dodged            |    23 |    16 |    15 |    90 ||   144
